cohdb
Replays
Latest Replays
All Replays
Popular Replays
Top Player Replays
Match Explorer
How It Works
Community
CoH3 Stats
Reddit
Sign in to upload your games and track your stats! →
Sign in with Steam
Match 42410941
Unlisted
Match 42410941
Overview
Messages
Build Orders
End
Panzerpioneer Squad
250 Light Carrier
250 Light Carrier
Construct Light Support Kompanie
Combat Half-tracks
MG34 Team
2.5-tonne Medical Truck
Selects Italian Infantry
Fire Support Elements
Pak 38 Anti-tank Gun Team
Selects Guastatori Squad
Guastatori Squad
Construct Mechanized Kompanie
Pak 38 Anti-tank Gun Team
8 Rad Armored Car
Guastatori Squad
Selects Defensive Operations
8 Rad Armored Car
le.IG 18 Support Gun Team
Vehicle Survival Package
Construct Panzerarmee Kommand
Selects Prepared Positions
Panzer III L Medium Tank
Panzer III L Medium Tank
Trollgubbe
Mr Newton
Bish Bash Bosh
gicobiwolfe
0
0
Comments
sign in to comment!
No comments posted yet!